Influenza vs Rafales
(R1)
Created - May 22, 2018 at 19:01
Goals
|
Influenza |
4 |
1 |
2 |
7 |
Rafales |
1 |
4 |
0 |
5 |
|
Shots
|
Influenza |
12 |
10 |
9 |
31 |
Rafales |
7 |
15 |
11 |
33 |
|
1st period
1. Influenza , Beau Bennett 11 (Lane MacDermid 12, Charlie Coyle 8) at 10:53
2. Influenza , Mark Scheifele 16 (Tim Erixon 4, Jimmy Vesey 13) at 11:30
3. Influenza , Jordan Schroeder 4 (Iiro Pakarinen 4) at 12:49
4. Rafales , Kevin Veilleux 2 (James Marcou 2, Philipp Grubauer) at 16:29
5. Influenza , T.J Galiardi 7 (Mark Olver 12, Tim Erixon 5) at 18:26
Penalties :
Matt Corrente (VJB) for Holding (Minor) at 18:39
2nd period
6. Rafales , Jarret Stoll 6 (Cody McLeod 14, Dennis Persson 4) at 0:14 (PP)
7. Rafales , Kevin Veilleux 3 (James Marcou 3) at 3:07
8. Rafales , Kevin Veilleux 4 (Chris Terry 5) at 6:24
9. Rafales , Nathan Davis 7 (Mark Fayne 14) at 7:35
10. Influenza , Johan Larsson 2 (Jeff May 6, Paul Ladue 5) at 10:18
Penalties :
Lane MacDermid (VJB) for Holding Stick (Minor) at 12:59
3rd period
11. Influenza , Jeremy Morin 7 (Jimmy Vesey 14, Mark Scheifele 14) at 13:05
12. Influenza , Jimmy Vesey 5 (Garnet Hathaway 8) at 18:19
Penalties :
Dylan McIlrath (Stf) for Boarding (Minor) at 10:06, Tim Erixon (VJB) for Hooking (Minor) at 13:36, Mark Scheifele (VJB) for Charging (Minor) at 16:07, Carl Klingberg (Stf) for Interference (Minor) at 18:22
Goalie Stats
Thomas McCollum (VJB), 28 saves from 33 shots - (0.848), W, 7-2-0, 60:00 minutes
Philipp Grubauer (Stf), 24 saves from 31 shots - (0.774), L, 6-5-0, 60:00 minutes
Players Stats for Influenza
Player Name G A P +/- PIM S H SB GA TA FO MP PP MP PK MP
------------------------------------------------------------------------------------
Beau Bennett 1 0 1 1 0 3 3 2 0 0 0/0 16:29 1:40 2:12
Charlie Coyle 0 1 1 1 0 2 0 1 0 0 2/6 12:24 0:00 0:00
Dmitry Sinitsyn 0 0 0 0 0 0 0 1 0 0 0/0 13:23 0:00 0:00
Garnet Hathaway 0 1 1 1 0 0 0 0 0 0 0/1 12:01 0:00 0:00
Iiro Pakarinen 0 1 1 0 0 2 2 0 0 0 1/1 9:14 0:00 0:00
Jeff May 0 1 1 3 0 0 0 4 2 0 0/0 21:29 2:01 5:17
Jeremy Morin 1 0 1 1 0 1 2 0 0 0 0/0 18:38 1:56 1:33
Jimmy Vesey 1 2 3 2 0 2 1 0 0 0 0/0 17:40 1:56 0:33
Joe Morrow 0 0 0 0 0 1 0 2 0 0 0/0 14:29 0:00 1:17
Johan Larsson 1 0 1 0 0 1 1 0 0 0 0/0 11:21 0:00 1:41
Jordan Schroeder 1 0 1 0 0 2 1 0 0 0 0/1 9:41 0:00 0:20
Lane MacDermid 0 1 1 1 2 3 2 0 0 0 0/2 15:16 0:00 3:09
Mark Olver 0 1 1 0 0 0 3 0 0 0 6/10 17:44 1:40 4:10
Mark Scheifele 1 1 2 2 2 6 3 1 1 0 10/36 18:42 1:56 1:26
Matt Corrente 0 0 0 0 2 2 2 0 0 0 0/0 26:21 2:01 3:55
Paul Ladue 0 1 1 3 0 1 1 0 1 0 0/0 19:50 1:35 2:15
T.J Galiardi 1 0 1 0 0 2 2 0 0 1 0/1 13:34 1:40 0:00
Tim Erixon 0 2 2 0 2 3 1 0 0 1 0/0 23:05 1:35 2:20
Players Stats for Rafales
Player Name G A P +/- PIM S H SB GA TA FO MP PP MP PK MP
------------------------------------------------------------------------------------
Brian Ferlin 0 0 0 -1 0 0 1 0 0 0 0/0 11:12 0:21 0:00
Carl Klingberg 0 0 0 -1 2 0 0 1 0 0 0/1 10:51 0:21 0:08
Cedric Paquette 0 0 0 -1 0 1 1 0 0 0 4/7 14:49 0:28 0:00
Chris Terry 0 1 1 0 0 1 3 0 0 0 0/0 9:02 0:00 0:32
Cody McLeod 0 1 1 0 0 2 3 3 0 0 1/1 22:38 3:26 2:03
Connor Murphy 0 0 0 -1 0 0 0 1 0 0 0/0 6:15 0:00 0:00
Dennis Persson 0 1 1 -2 0 1 1 2 0 2 0/0 24:21 3:21 2:15
Dylan McIlrath 0 0 0 2 2 0 2 0 0 0 0/0 13:17 0:00 0:00
James Marcou 0 2 2 0 0 0 0 0 0 1 0/0 8:30 0:00 0:00
Jarret Stoll 1 0 1 0 0 7 2 1 1 0 26/38 22:44 3:33 1:58
Julian Melchiori 0 0 0 -5 0 1 0 2 0 0 0/0 22:56 4:11 1:37
Kevin Veilleux 3 0 3 0 0 5 1 0 0 0 0/0 9:41 0:00 1:11
Maksim Mayorov 0 0 0 -2 0 1 0 0 0 0 2/2 16:38 3:38 0:00
Mark Fayne 0 1 1 0 0 6 0 1 1 0 0/0 28:21 3:21 1:59
Milan Bartovic 0 0 0 0 0 4 1 0 0 0 0/0 20:48 3:33 0:40
Nathan Davis 1 0 1 -1 0 2 1 0 0 0 6/9 15:05 3:38 0:40
Slater Koekkoek 0 0 0 -1 0 1 1 0 0 1 0/0 22:36 4:11 1:21
Tim Crowder 0 0 0 -2 0 1 1 0 0 0 0/0 16:38 3:38 0:00
3 Stars
1 - Kevin Veilleux (Stf)
2 - Jimmy Vesey (VJB)
3 - Mark Scheifele (VJB)
Power Play
Influenza - 0 on 2 Attempt(s) - 0.00%
Rafales - 1 on 4 Attempt(s) - 25.00%
Penalty Kill
Influenza - 3 on 4 Attempt(s) - 75.00%
- Score 0 goal in Penalty Kill
Rafales - 2 on 2 Attempt(s) - 100.00%
- Score 0 goal in Penalty Kill
Team Stat
Influenza - Hits : 24 - Faceoff Wins : 19 - Blocked Shots : 11 - Penalty Minutes : 8
Rafales - Hits : 18 - Faceoff Wins : 39 - Blocked Shots : 11 - Penalty Minutes : 4
Official
Referees : Kimmerly Greg and McCreary Bill
Linesman : Pierre Racicot and Lyle Seitz
Game Notes
Connor Murphy is injured at 16:57 of 1st period (Right Hand)
Kevin Veilleux has scored a Hat Trick!
Finance
Level 1 -- Attendance: 2000 (100.00%) -- Ticket Income $80,000
Level 2 -- Attendance: 1000 (100.00%) -- Ticket Income $20,000
Total Attendance: 3000 (100.00%)
Total Ticket Income: $100,000
Other Income: $5,000
Total Income: $105,000
Influenza
5 vs 5 Forward
Center Left Wing Right Wing Time % Phy DF OF
1 Mark Scheifele Jimmy Vesey Jeremy Morin 40 1 2 2
2 Charlie Coyle Lane MacDermid Beau Bennett 30 1 2 2
3 Mark Olver T.J Galiardi Garnet Hathaway 20 1 2 2
4 Jordan Schroeder Johan Larsson Iiro Pakarinen 10 1 2 2
5 vs 5 Defense
Defense Defense Time % Phy DF OF
1 Matt Corrente Tim Erixon 40 1 2 2
2 Jeff May Paul Ladue 30 1 2 2
3 Joe Morrow Dmitry Sinitsyn 20 1 2 2
4 Matt Corrente Paul Ladue 10 1 2 2
PowerPlay Forward
Center Left Wing Right Wing Time % Phy DF OF
1 Mark Scheifele Jimmy Vesey Jeremy Morin 60 1 2 2
2 Mark Olver T.J Galiardi Beau Bennett 40 1 2 2
PowerPlay Defense
Defense Defense Time % Phy DF OF
1 Jeff May Matt Corrente 60 1 2 2
2 Tim Erixon Paul Ladue 40 1 2 2
Penalty Kill 4 Players Forward
Center Wing Time % Phy DF OF
1 Mark Olver Lane MacDermid 60 1 2 2
2 Mark Scheifele Jeremy Morin 40 1 2 2
Penalty Kill 4 Players Defense
Defense Defense Time % Phy DF OF
1 Matt Corrente Jeff May 60 1 2 2
2 Tim Erixon Paul Ladue 40 1 2 2
Penalty Kill - 3 Players Forward
Forward Time % Phy DF OF
1 Mark Olver 60 1 2 2
2 Mark Scheifele 40 1 2 2
Penalty Kill - 3 Players Defense
Defense Defense Time % Phy DF OF
1 Matt Corrente Jeff May 60 1 2 2
2 Tim Erixon Paul Ladue 40 1 2 2
4 vs 4 Forward
Center Wing Time % Phy DF OF
1 Mark Scheifele Lane MacDermid 60 1 2 2
2 Mark Olver Jeremy Morin 40 1 2 2
4 vs 4 Defense
Defense Defense Time % Phy DF OF
1 Matt Corrente Jeff May 60 1 2 2
2 Tim Erixon Paul Ladue 40 1 2 2
Last Minutes Offensive
Center Left Wing Right Wing Defense Defense
Mark Scheifele T.J Galiardi Jeremy Morin Jeff May Matt Corrente
Last Minutes Defensive
Center Left Wing Right Wing Defense Defense
Mark Scheifele T.J Galiardi Jeremy Morin Paul Ladue Matt Corrente
Goaltenders
Starting : Thomas McCollum
Backup : Alex Stalock
Extra Forwards
Normal : Garnet Hathaway, T.J Galiardi, Beau Bennett - PP : T.J Galiardi, Lane MacDermid - PK : Beau Bennett
Extra Defensemen
Normal : Matt Corrente, Tim Erixon, Jeff May - PP : Matt Corrente - PK : Tim Erixon, Jeff May
Penalty Shots
Jeremy Morin, Mark Olver, Beau Bennett, Mark Scheifele, T.J Galiardi
Scratches
Jacob Josefson (Healthy), Jamie Devane (Healthy), Fredric Larsson (Healthy), Tom Kuhnhackl (Healthy), Oskars Bartulis (Healthy)
Rocco Grimaldi (Healthy), Ryan Sproul (Healthy), Josh Andrerson (Healthy), Mathieu Carle (Right Hand Injury), Jesse Graham (Healthy)
Vince Rocco (Healthy), Nikita Gusev (Healthy), Tyson Sexsmith (Healthy)
Rafales
5 vs 5 Forward
Center Left Wing Right Wing Time % Phy DF OF
1 Jarret Stoll Cody McLeod Milan Bartovic 40 1 1 3
2 Cedric Paquette Maksim Mayorov Tim Crowder 30 2 1 2
3 Nathan Davis Carl Klingberg Brian Ferlin 20 2 1 2
4 Kevin Veilleux Chris Terry James Marcou 10 2 1 2
5 vs 5 Defense
Defense Defense Time % Phy DF OF
1 Dennis Persson Mark Fayne 40 1 3 1
2 Julian Melchiori Connor Murphy 30 1 3 1
3 Dylan McIlrath Slater Koekkoek 20 1 3 1
4 Mark Fayne Connor Murphy 10 1 3 1
PowerPlay Forward
Center Left Wing Right Wing Time % Phy DF OF
1 Jarret Stoll Cody McLeod Milan Bartovic 60 0 0 5
2 Nathan Davis Maksim Mayorov Tim Crowder 40 0 0 5
PowerPlay Defense
Defense Defense Time % Phy DF OF
1 Dennis Persson Mark Fayne 60 0 2 3
2 Julian Melchiori Connor Murphy 40 0 2 3
Penalty Kill 4 Players Forward
Center Wing Time % Phy DF OF
1 Jarret Stoll Cody McLeod 60 0 4 1
2 Nathan Davis Milan Bartovic 40 0 4 1
Penalty Kill 4 Players Defense
Defense Defense Time % Phy DF OF
1 Dennis Persson Mark Fayne 60 1 4 0
2 Julian Melchiori Connor Murphy 40 1 4 0
Penalty Kill - 3 Players Forward
Forward Time % Phy DF OF
1 Nathan Davis 60 0 5 0
2 Cody McLeod 40 0 5 0
Penalty Kill - 3 Players Defense
Defense Defense Time % Phy DF OF
1 Dennis Persson Mark Fayne 60 1 4 0
2 Julian Melchiori Connor Murphy 40 1 4 0
4 vs 4 Forward
Center Wing Time % Phy DF OF
1 Jarret Stoll Cody McLeod 60 1 1 3
2 Nathan Davis Milan Bartovic 40 1 1 3
4 vs 4 Defense
Defense Defense Time % Phy DF OF
1 Dennis Persson Mark Fayne 60 1 3 1
2 Julian Melchiori Connor Murphy 40 1 3 1
Last Minutes Offensive
Center Left Wing Right Wing Defense Defense
Nathan Davis Cody McLeod Milan Bartovic Connor Murphy Mark Fayne
Last Minutes Defensive
Center Left Wing Right Wing Defense Defense
Nathan Davis Cody McLeod Milan Bartovic Dennis Persson Mark Fayne
Goaltenders
Starting : Philipp Grubauer
Backup : Leland Irving
Extra Forwards
Normal : Cody McLeod, Cedric Paquette, Milan Bartovic - PP : Cody McLeod, Cedric Paquette - PK : Kevin Veilleux
Extra Defensemen
Normal : Connor Murphy, Mark Fayne, Dennis Persson - PP : Connor Murphy - PK : Dennis Persson, Mark Fayne
Penalty Shots
Cedric Paquette, Cody McLeod, Nathan Davis, Milan Bartovic, James Marcou
Scratches
Ben Sexton (Healthy), Ryan Bourque (Healthy), Ben Johnson (Healthy), Nicklas Jensen (Healthy), Jayson Megna (Healthy)
Michael Bournival (Right Forearm Injury), Brad Ross (Healthy), Mike Zigomanis (Right Forearm Injury), Ben Thomson (Left Foot Injury), David Broll (Healthy)
Stefan Chaput (Healthy), Akim Aliu (Healthy), Chris Driedger (Healthy)
% Time on Ice - Influenza
Lines # - Real PCT - Wanted PCT - Time Play
Normal Forward
1 - 32% - 40% - 15:49
2 - 25% - 30% - 12:16
3 - 24% - 20% - 11:54
4 - 18% - 10% - 8:53
Normal Defense
1 - 39% - 40% - 18:51
2 - 28% - 30% - 13:32
3 - 26% - 20% - 12:46
4 - 8% - 10% - 3:43
PP Forward
1 - 54% - 60% - 1:56
2 - 46% - 40% - 1:40
PP Defense
1 - 56% - 60% - 2:01
2 - 44% - 40% - 1:35
PK Forward
1 - 79% - 60% - 5:59
2 - 21% - 40% - 1:33
PK Defense
1 - 70% - 60% - 5:17
2 - 30% - 40% - 2:15
PK3 Forward
1 - 0% - 60%
2 - 0% - 40%
PK3 Defense
1 - 0% - 60%
2 - 0% - 40%
44 Forward
1 - 0% - 60%
2 - 0% - 40%
44 Defense
1 - 0% - 60%
2 - 0% - 40%
Last Minute Offensive - 0:00
Last Minute Defensive - 0:00
Total
Forward - 60:00
Defense - 60:00
|
% Time on Ice - Rafales
Lines # - Real PCT - Wanted PCT - Time Play
Normal Forward
1 - 35% - 40% - 16:59
2 - 27% - 30% - 13:00
3 - 21% - 20% - 10:23
4 - 17% - 10% - 8:30
Normal Defense
1 - 32% - 40% - 15:35
2 - 37% - 30% - 17:53
3 - 19% - 20% - 9:26
4 - 12% - 10% - 5:58
PP Forward
1 - 52% - 60% - 3:54
2 - 48% - 40% - 3:38
PP Defense
1 - 44% - 60% - 3:21
2 - 56% - 40% - 4:11
PK Forward
1 - 81% - 60% - 2:56
2 - 19% - 40% - 0:40
PK Defense
1 - 55% - 60% - 1:59
2 - 45% - 40% - 1:37
PK3 Forward
1 - 0% - 60%
2 - 0% - 40%
PK3 Defense
1 - 0% - 60%
2 - 0% - 40%
44 Forward
1 - 0% - 60%
2 - 0% - 40%
44 Defense
1 - 0% - 60%
2 - 0% - 40%
Last Minute Offensive - 0:00
Last Minute Defensive - 0:00
Total
Forward - 60:00
Defense - 60:00
|
Play by Play
1st period
0:01 of 1st period - Mark Scheifele wins face-off versus Jarret Stoll in neutral zone.
1:15 of 1st period - Snap shot by Johan Larsson.
1:15 of 1st period - Shot Blocked by Carl Klingberg.
1:21 of 1st period - Wrist shot by Jordan Schroeder.
1:21 of 1st period - Shot Hit the Post.
1:54 of 1st period - Icing by Dmitry Sinitsyn.
1:55 of 1st period - Cedric Paquette wins face-off versus T.J Galiardi in Influenza zone.
2:26 of 1st period - Snap shot by Garnet Hathaway.
2:26 of 1st period - Shot Misses the Net.
3:06 of 1st period - Snap shot by T.J Galiardi.
3:06 of 1st period - Shot Misses the Net.
3:29 of 1st period - Icing by T.J Galiardi.
3:30 of 1st period - Mark Olver wins face-off versus Jarret Stoll in Influenza zone.
3:35 of 1st period - Milan Bartovic is hit by T.J Galiardi and loses puck.
3:48 of 1st period - Slapshot by Garnet Hathaway.
3:48 of 1st period - Shot Misses the Net.
3:50 of 1st period - Snap shot by Garnet Hathaway.
3:50 of 1st period - Shot Blocked by Dennis Persson.
3:52 of 1st period - Slapshot by Joe Morrow.
3:52 of 1st period - Deflect By Milan Bartovic.
3:52 of 1st period - Stopped by Philipp Grubauer with a rebound.
4:10 of 1st period - Snap shot by Cody McLeod.
4:10 of 1st period - Shot Blocked by Joe Morrow.
4:32 of 1st period - Wrist shot by Garnet Hathaway.
4:32 of 1st period - Shot Blocked by Mark Fayne.
4:53 of 1st period - Off-side.
4:54 of 1st period - Nathan Davis wins face-off versus Mark Scheifele in neutral zone.
5:19 of 1st period - Tim Erixon is hit by Chris Terry and loses puck.
5:46 of 1st period - Slater Koekkoek is hit by Jeremy Morin and loses puck.
8:42 of 1st period - Matt Corrente is hit by Dylan McIlrath and loses puck.
9:35 of 1st period - Mark Fayne is hit by Iiro Pakarinen and loses puck.
9:57 of 1st period - Icing by Jordan Schroeder.
9:58 of 1st period - Nathan Davis wins face-off versus Charlie Coyle in Influenza zone.
9:59 of 1st period - Wrist shot by Carl Klingberg.
9:59 of 1st period - Shot Blocked by Charlie Coyle.
10:20 of 1st period - Wrist shot by Jarret Stoll.
10:20 of 1st period - Stopped by Thomas McCollum without a rebound.
10:21 of 1st period - Mark Olver wins face-off versus Jarret Stoll in Influenza zone.
10:46 of 1st period - Beau Bennett is hit by Tim Crowder and loses puck.
10:53 of 1st period - Wrist shot by Lane MacDermid.
10:53 of 1st period - Deflect By Beau Bennett.
10:53 of 1st period - Goal by Beau Bennett - Influenza : 1 - Rafales : 0.
10:54 of 1st period - Jarret Stoll wins face-off versus Mark Scheifele in neutral zone.
11:03 of 1st period - Snap shot by Jarret Stoll.
11:03 of 1st period - Deflect By Milan Bartovic.
11:03 of 1st period - Stopped by Thomas McCollum without a rebound.
11:04 of 1st period - Mark Scheifele wins face-off versus Jarret Stoll in Influenza zone.
11:14 of 1st period - Off-side.
11:15 of 1st period - Cody McLeod wins face-off versus Mark Scheifele in neutral zone.
11:26 of 1st period - Wrist shot by Mark Scheifele.
11:26 of 1st period - Stopped by Philipp Grubauer with a rebound.
11:28 of 1st period - Snap shot by Tim Erixon.
11:28 of 1st period - Shot Blocked by Connor Murphy.
11:30 of 1st period - Wrist shot by Mark Scheifele.
11:30 of 1st period - Goal by Mark Scheifele - Influenza : 2 - Rafales : 0.
11:31 of 1st period - Mark Scheifele wins face-off versus Jarret Stoll in neutral zone.
12:49 of 1st period - Snap shot by Jordan Schroeder.
12:49 of 1st period - Goal by Jordan Schroeder - Influenza : 3 - Rafales : 0.
12:50 of 1st period - Jarret Stoll wins face-off versus Mark Scheifele in neutral zone.
13:03 of 1st period - Wrist shot by Cody McLeod.
13:03 of 1st period - Shot Misses the Net.
13:23 of 1st period - Slapshot by Dennis Persson.
13:23 of 1st period - Shot Hit the Post.
13:25 of 1st period - Wrist shot by Cedric Paquette.
13:25 of 1st period - Shot Blocked by Jeff May.
13:37 of 1st period - Slapshot by Jordan Schroeder.
13:37 of 1st period - Stopped by Philipp Grubauer without a rebound.
13:38 of 1st period - Iiro Pakarinen wins face-off versus Nathan Davis in Rafales zone.
13:45 of 1st period - Snap shot by Jordan Schroeder.
13:45 of 1st period - Shot Misses the Net.
13:47 of 1st period - Snap shot by Iiro Pakarinen.
13:47 of 1st period - Stopped by Philipp Grubauer without a rebound.
13:48 of 1st period - Jarret Stoll wins face-off versus Mark Scheifele in Rafales zone.
13:48 of 1st period - Jarret Stoll is hit by Matt Corrente.
13:59 of 1st period - Snap shot by Jarret Stoll.
13:59 of 1st period - Shot Misses the Net.
14:01 of 1st period - Slapshot by Mark Fayne.
14:01 of 1st period - Shot Blocked by Mark Scheifele.
14:22 of 1st period - Slater Koekkoek is hit by Lane MacDermid and loses puck.
14:45 of 1st period - Slapshot by Garnet Hathaway.
14:45 of 1st period - Shot Misses the Net.
15:19 of 1st period - Snap shot by Cody McLeod.
15:19 of 1st period - Stopped by Thomas McCollum with a rebound.
15:21 of 1st period - Slapshot by Jarret Stoll.
15:21 of 1st period - Stopped by Thomas McCollum without a rebound.
15:22 of 1st period - Jarret Stoll wins face-off versus Mark Scheifele in Influenza zone.
15:27 of 1st period - Snap shot by Milan Bartovic.
15:27 of 1st period - Stopped by Thomas McCollum with a rebound.
15:33 of 1st period - Wrist shot by Mark Scheifele.
15:33 of 1st period - Stopped by Philipp Grubauer with a rebound.
15:37 of 1st period - Backhand shot by Mark Scheifele.
15:37 of 1st period - Stopped by Philipp Grubauer with a rebound.
15:54 of 1st period - Snap shot by Tim Crowder.
15:54 of 1st period - Shot Misses the Net.
16:14 of 1st period - Matt Corrente is hit by Dennis Persson and loses puck.
16:29 of 1st period - Wrist shot by Kevin Veilleux.
16:29 of 1st period - Goal by Kevin Veilleux - Influenza : 3 - Rafales : 1.
16:30 of 1st period - Jarret Stoll wins face-off versus Mark Scheifele in neutral zone.
16:41 of 1st period - Jeremy Morin is hit by Cody McLeod and loses puck.
16:56 of 1st period - Connor Murphy is hit by Beau Bennett and loses puck.
16:57 of 1st period - Connor Murphy from Rafales is injured at 16:57 of 1st period (Right Hand).
16:58 of 1st period - Mark Scheifele wins face-off versus Jarret Stoll in Rafales zone.
17:52 of 1st period - Dennis Persson is hit by Beau Bennett and loses puck.
18:01 of 1st period - Slapshot by Tim Crowder.
18:01 of 1st period - Shot Misses the Net.
18:03 of 1st period - Snap shot by Maksim Mayorov.
18:03 of 1st period - Stopped by Thomas McCollum with a rebound.
18:12 of 1st period - Off-side.
18:13 of 1st period - Mark Olver wins face-off versus Carl Klingberg in neutral zone.
18:18 of 1st period - Slapshot by Matt Corrente.
18:18 of 1st period - Stopped by Philipp Grubauer with a rebound.
18:26 of 1st period - Wrist shot by T.J Galiardi.
18:26 of 1st period - Goal by T.J Galiardi - Influenza : 4 - Rafales : 1.
18:27 of 1st period - Jarret Stoll wins face-off versus Mark Scheifele in neutral zone.
18:32 of 1st period - Wrist shot by Milan Bartovic.
18:32 of 1st period - Deflect By Jarret Stoll.
18:32 of 1st period - Shot Misses the Net.
18:32 of 1st period - Puck is out of play.
18:33 of 1st period - Mark Scheifele wins face-off versus Jarret Stoll in Influenza zone.
18:39 of 1st period - Minor Penalty to Matt Corrente for Holding.
18:40 of 1st period - Jarret Stoll wins face-off versus Mark Olver in Influenza zone.
19:59 of 1st period - Slapshot by Tim Erixon.
19:59 of 1st period - Stopped by Philipp Grubauer without a rebound.
Goals for this period are 4 for Influenza vs 1 for Rafales.
Shots for this period are 12 for Influenza vs 7 for Rafales.
2nd period
0:01 of 2nd period - Jarret Stoll wins face-off versus Mark Olver in neutral zone.
0:04 of 2nd period - Wrist shot by Milan Bartovic.
0:04 of 2nd period - Shot Misses the Net.
0:06 of 2nd period - Snap shot by Dennis Persson.
0:06 of 2nd period - Stopped by Thomas McCollum with a rebound.
0:08 of 2nd period - Slapshot by Cody McLeod.
0:08 of 2nd period - Shot Misses the Net.
0:10 of 2nd period - Backhand shot by Cody McLeod.
0:10 of 2nd period - Stopped by Thomas McCollum with a rebound.
0:14 of 2nd period - Snap shot by Jarret Stoll.
0:14 of 2nd period - Goal by Jarret Stoll - Influenza : 4 - Rafales : 2.
0:15 of 2nd period - Jarret Stoll wins face-off versus Mark Scheifele in neutral zone.
1:33 of 2nd period - Slapshot by T.J Galiardi.
1:33 of 2nd period - Shot Misses the Net.
1:35 of 2nd period - Slapshot by Paul Ladue.
1:35 of 2nd period - Deflect By Milan Bartovic.
1:35 of 2nd period - Stopped by Philipp Grubauer with a rebound.
1:47 of 2nd period - Snap shot by Kevin Veilleux.
1:47 of 2nd period - Stopped by Thomas McCollum with a rebound.
1:55 of 2nd period - Wrist shot by Kevin Veilleux.
1:55 of 2nd period - Stopped by Thomas McCollum with a rebound.
2:31 of 2nd period - Snap shot by Iiro Pakarinen.
2:31 of 2nd period - Stopped by Philipp Grubauer with a rebound.
2:49 of 2nd period - Snap shot by T.J Galiardi.
2:49 of 2nd period - Shot Blocked by Cody McLeod.
3:07 of 2nd period - Wrist shot by Kevin Veilleux.
3:07 of 2nd period - Goal by Kevin Veilleux - Influenza : 4 - Rafales : 3.
3:08 of 2nd period - Jarret Stoll wins face-off versus Mark Scheifele in neutral zone.
3:14 of 2nd period - Off-side.
3:15 of 2nd period - Jarret Stoll wins face-off versus Mark Scheifele in neutral zone.
3:22 of 2nd period - Wrist shot by Jarret Stoll.
3:22 of 2nd period - Shot Misses the Net.
3:50 of 2nd period - Wrist shot by Lane MacDermid.
3:50 of 2nd period - Stopped by Philipp Grubauer with a rebound.
4:02 of 2nd period - Slapshot by Nathan Davis.
4:02 of 2nd period - Stopped by Thomas McCollum with a rebound.
4:05 of 2nd period - Icing by Tim Erixon.
4:06 of 2nd period - Mark Olver wins face-off versus Nathan Davis in Influenza zone.
4:19 of 2nd period - Slapshot by Tim Erixon.
4:19 of 2nd period - Stopped by Philipp Grubauer with a rebound.
4:29 of 2nd period - Snap shot by Garnet Hathaway.
4:29 of 2nd period - Shot Misses the Net.
4:31 of 2nd period - Wrist shot by Mark Olver.
4:31 of 2nd period - Shot Blocked by Dennis Persson.
4:33 of 2nd period - Snap shot by T.J Galiardi.
4:33 of 2nd period - Stopped by Philipp Grubauer without a rebound.
4:34 of 2nd period - Jarret Stoll wins face-off versus Mark Scheifele in Rafales zone.
4:45 of 2nd period - Snap shot by Cody McLeod.
4:45 of 2nd period - Shot Misses the Net.
4:47 of 2nd period - Wrist shot by Jarret Stoll.
4:47 of 2nd period - Shot Blocked by Jeff May.
4:49 of 2nd period - Slapshot by Mark Fayne.
4:49 of 2nd period - Stopped by Thomas McCollum without a rebound.
4:50 of 2nd period - Charlie Coyle wins face-off versus Cedric Paquette in Influenza zone.
4:55 of 2nd period - Snap shot by Lane MacDermid.
4:55 of 2nd period - Shot Misses the Net.
5:46 of 2nd period - Wrist shot by Brian Ferlin.
5:46 of 2nd period - Shot Misses the Net.
6:04 of 2nd period - Garnet Hathaway is hit by Kevin Veilleux and loses puck.
6:24 of 2nd period - Slapshot by Kevin Veilleux.
6:24 of 2nd period - Goal by Kevin Veilleux - Influenza : 4 - Rafales : 4.
6:25 of 2nd period - Jarret Stoll wins face-off versus Mark Scheifele in neutral zone.
6:35 of 2nd period - Wrist shot by Cody McLeod.
6:35 of 2nd period - Shot Misses the Net.
6:37 of 2nd period - Wrist shot by Jarret Stoll.
6:37 of 2nd period - Shot Misses the Net.
6:39 of 2nd period - Slapshot by Milan Bartovic.
6:39 of 2nd period - Deflect By Mark Scheifele.
6:39 of 2nd period - Stopped by Thomas McCollum without a rebound.
6:40 of 2nd period - Cedric Paquette wins face-off versus Charlie Coyle in Influenza zone.
7:13 of 2nd period - Wrist shot by Mark Scheifele.
7:13 of 2nd period - Stopped by Philipp Grubauer with a rebound.
7:15 of 2nd period - Wrist shot by Jeremy Morin.
7:15 of 2nd period - Shot Blocked by Cody McLeod.
7:35 of 2nd period - Snap shot by Nathan Davis.
7:35 of 2nd period - Goal by Nathan Davis - Influenza : 4 - Rafales : 5.
7:36 of 2nd period - Jarret Stoll wins face-off versus Mark Scheifele in neutral zone.
7:47 of 2nd period - Snap shot by Jimmy Vesey.
7:47 of 2nd period - Shot Misses the Net.
7:52 of 2nd period - Off-side.
7:53 of 2nd period - Charlie Coyle wins face-off versus Cedric Paquette in neutral zone.
9:04 of 2nd period - Backhand shot by Mark Fayne.
9:04 of 2nd period - Stopped by Thomas McCollum with a rebound.
9:06 of 2nd period - Slapshot by Julian Melchiori.
9:06 of 2nd period - Shot Misses the Net.
9:08 of 2nd period - Backhand shot by Chris Terry.
9:08 of 2nd period - Stopped by Thomas McCollum without a rebound.
9:09 of 2nd period - Jarret Stoll wins face-off versus Mark Scheifele in Influenza zone.
9:44 of 2nd period - Slapshot by Matt Corrente.
9:44 of 2nd period - Stopped by Philipp Grubauer with a rebound.
9:46 of 2nd period - Snap shot by Lane MacDermid.
9:46 of 2nd period - Stopped by Philipp Grubauer with a rebound.
9:48 of 2nd period - Snap shot by Lane MacDermid.
9:48 of 2nd period - Shot Misses the Net.
10:06 of 2nd period - Off-side.
10:07 of 2nd period - Nathan Davis wins face-off versus Jordan Schroeder in neutral zone.
10:16 of 2nd period - Slapshot by Jeff May.
10:16 of 2nd period - Shot Blocked by Julian Melchiori.
10:18 of 2nd period - Snap shot by Johan Larsson.
10:18 of 2nd period - Goal by Johan Larsson - Influenza : 5 - Rafales : 5.
10:19 of 2nd period - Mark Scheifele wins face-off versus Jarret Stoll in neutral zone.
10:19 of 2nd period - Matt Corrente is hit by Jarret Stoll and loses puck.
10:33 of 2nd period - Matt Corrente is hit by Jarret Stoll.
11:07 of 2nd period - Snap shot by Garnet Hathaway.
11:07 of 2nd period - Shot Misses the Net.
11:38 of 2nd period - Snap shot by Brian Ferlin.
11:38 of 2nd period - Deflect By Nathan Davis.
11:38 of 2nd period - Deflect By Jeff May.
11:38 of 2nd period - Shot Blocked by Jeff May.
11:38 of 2nd period - Puck is out of play.
11:39 of 2nd period - Jarret Stoll wins face-off versus Mark Scheifele in Influenza zone.
11:42 of 2nd period - Snap shot by Jarret Stoll.
11:42 of 2nd period - Stopped by Thomas McCollum with a rebound.
11:48 of 2nd period - Slapshot by Jeremy Morin.
11:48 of 2nd period - Shot Misses the Net.
12:54 of 2nd period - Snap shot by Julian Melchiori.
12:54 of 2nd period - Stopped by Thomas McCollum without a rebound.
12:55 of 2nd period - Jarret Stoll wins face-off versus Charlie Coyle in Influenza zone.
12:59 of 2nd period - Minor Penalty to Lane MacDermid for Holding Stick.
13:00 of 2nd period - Jarret Stoll wins face-off versus Mark Olver in Influenza zone.
14:34 of 2nd period - Jarret Stoll is hit by Matt Corrente and loses puck.
14:59 of 2nd period - Penalty to Lane MacDermid is over, Lane MacDermid is back on ice.
15:40 of 2nd period - Mark Fayne is hit by Mark Scheifele and loses puck.
16:42 of 2nd period - James Marcou is hit by T.J Galiardi.
16:57 of 2nd period - Jordan Schroeder is hit by Cody McLeod and loses puck.
17:10 of 2nd period - Joe Morrow is hit by Cedric Paquette and loses puck.
17:34 of 2nd period - Jarret Stoll is hit by Mark Olver and loses puck.
17:47 of 2nd period - Mark Fayne is hit by Paul Ladue and loses puck.
18:00 of 2nd period - Iiro Pakarinen is hit by Chris Terry and loses puck.
18:13 of 2nd period - Tim Crowder is hit by Lane MacDermid and loses puck.
18:20 of 2nd period - Wrist shot by Beau Bennett.
18:20 of 2nd period - Stopped by Philipp Grubauer with a rebound.
18:41 of 2nd period - Slater Koekkoek is hit by Jeremy Morin and loses puck.
18:54 of 2nd period - Chris Terry is hit by Jordan Schroeder and loses puck.
19:30 of 2nd period - Julian Melchiori is hit by Mark Scheifele and loses puck.
19:41 of 2nd period - Slater Koekkoek is hit by Mark Olver and loses puck.
Goals for this period are 1 for Influenza vs 4 for Rafales.
Shots for this period are 10 for Influenza vs 15 for Rafales.
3rd period
0:01 of 3rd period - Mark Scheifele wins face-off versus Jarret Stoll in neutral zone.
0:04 of 3rd period - Slapshot by Tim Erixon.
0:04 of 3rd period - Shot Misses the Net.
1:00 of 3rd period - Slapshot by T.J Galiardi.
1:00 of 3rd period - Shot Misses the Net.
1:16 of 3rd period - Carl Klingberg is hit by Iiro Pakarinen and loses puck.
1:29 of 3rd period - Slater Koekkoek is hit by Johan Larsson and loses puck.
1:44 of 3rd period - Snap shot by Mark Scheifele.
1:44 of 3rd period - Stopped by Philipp Grubauer without a rebound.
1:45 of 3rd period - Jarret Stoll wins face-off versus Mark Scheifele in Rafales zone.
2:31 of 3rd period - Slapshot by James Marcou.
2:31 of 3rd period - Shot Blocked by Dmitry Sinitsyn.
2:33 of 3rd period - Snap shot by Kevin Veilleux.
2:33 of 3rd period - Shot Misses the Net.
2:41 of 3rd period - Wrist shot by Beau Bennett.
2:41 of 3rd period - Shot Blocked by Julian Melchiori.
2:43 of 3rd period - Snap shot by Charlie Coyle.
2:43 of 3rd period - Stopped by Philipp Grubauer with a rebound.
2:45 of 3rd period - Snap shot by Beau Bennett.
2:45 of 3rd period - Shot Misses the Net.
2:47 of 3rd period - Wrist shot by Lane MacDermid.
2:47 of 3rd period - Stopped by Philipp Grubauer with a rebound.
2:49 of 3rd period - Slapshot by Lane MacDermid.
2:49 of 3rd period - Shot Misses the Net.
3:09 of 3rd period - Snap shot by Beau Bennett.
3:09 of 3rd period - Deflect By Charlie Coyle.
3:09 of 3rd period - Stopped by Philipp Grubauer with a rebound.
3:11 of 3rd period - Slapshot by Beau Bennett.
3:11 of 3rd period - Stopped by Philipp Grubauer without a rebound.
3:12 of 3rd period - Jarret Stoll wins face-off versus Mark Scheifele in Rafales zone.
3:12 of 3rd period - Jarret Stoll is hit by Mark Scheifele.
3:31 of 3rd period - Mark Fayne is hit by Tim Erixon.
4:12 of 3rd period - Jeff May is hit by Nathan Davis and loses puck.
4:41 of 3rd period - Mark Olver is hit by Milan Bartovic and loses puck.
4:48 of 3rd period - Wrist shot by Milan Bartovic.
4:48 of 3rd period - Shot Misses the Net.
5:16 of 3rd period - Mark Scheifele is hit by Dylan McIlrath and loses puck.
6:01 of 3rd period - Snap shot by Lane MacDermid.
6:01 of 3rd period - Shot Blocked by Jarret Stoll.
6:45 of 3rd period - Lane MacDermid is hit by Chris Terry and loses puck.
7:09 of 3rd period - Icing by Jeff May.
7:10 of 3rd period - Mark Olver wins face-off versus Jarret Stoll in Influenza zone.
7:23 of 3rd period - Backhand shot by Milan Bartovic.
7:23 of 3rd period - Shot Blocked by Jeff May.
7:52 of 3rd period - Icing by T.J Galiardi.
7:53 of 3rd period - Nathan Davis wins face-off versus Garnet Hathaway in Influenza zone.
7:54 of 3rd period - Snap shot by Carl Klingberg.
7:54 of 3rd period - Deflect By Nathan Davis.
7:54 of 3rd period - Shot Misses the Net.
7:54 of 3rd period - Puck is out of play.
7:55 of 3rd period - Nathan Davis wins face-off versus Mark Scheifele in Influenza zone.
8:49 of 3rd period - Iiro Pakarinen is hit by Cody McLeod and loses puck.
9:08 of 3rd period - James Marcou is hit by Mark Olver and loses puck.
9:53 of 3rd period - Wrist shot by Cedric Paquette.
9:53 of 3rd period - Stopped by Thomas McCollum with a rebound.
10:06 of 3rd period - Minor Penalty to Dylan McIlrath for Boarding.
10:07 of 3rd period - Jarret Stoll wins face-off versus Mark Scheifele in Rafales zone.
10:07 of 3rd period - Jarret Stoll is hit by Jimmy Vesey.
10:41 of 3rd period - Mark Fayne is hit by Beau Bennett and loses puck.
11:03 of 3rd period - Icing by Jimmy Vesey.
11:04 of 3rd period - Jarret Stoll wins face-off versus Mark Scheifele in Influenza zone.
11:19 of 3rd period - Snap shot by Mark Scheifele.
11:19 of 3rd period - Shot Blocked by Cody McLeod.
12:06 of 3rd period - Penalty to Dylan McIlrath is over, Dylan McIlrath is back on ice.
12:29 of 3rd period - Wrist shot by Jarret Stoll.
12:29 of 3rd period - Stopped by Thomas McCollum with a rebound.
12:31 of 3rd period - Slapshot by Slater Koekkoek.
12:31 of 3rd period - Shot Misses the Net.
12:33 of 3rd period - Slapshot by Slater Koekkoek.
12:33 of 3rd period - Shot Misses the Net.
12:35 of 3rd period - Slapshot by Mark Fayne.
12:35 of 3rd period - Stopped by Thomas McCollum with a rebound.
12:45 of 3rd period - Slapshot by Jarret Stoll.
12:45 of 3rd period - Stopped by Thomas McCollum without a rebound.
12:46 of 3rd period - Maksim Mayorov wins face-off versus Lane MacDermid in Influenza zone.
12:47 of 3rd period - Wrist shot by Tim Crowder.
12:47 of 3rd period - Shot Blocked by Beau Bennett.
12:57 of 3rd period - Slapshot by Tim Erixon.
12:57 of 3rd period - Stopped by Philipp Grubauer without a rebound.
12:58 of 3rd period - Cedric Paquette wins face-off versus Mark Scheifele in Rafales zone.
13:03 of 3rd period - Snap shot by Jimmy Vesey.
13:03 of 3rd period - Stopped by Philipp Grubauer with a rebound.
13:05 of 3rd period - Wrist shot by Jeremy Morin.
13:05 of 3rd period - Goal by Jeremy Morin - Influenza : 6 - Rafales : 5.
13:06 of 3rd period - Cedric Paquette wins face-off versus Mark Scheifele in neutral zone.
13:09 of 3rd period - Wrist shot by Mark Fayne.
13:09 of 3rd period - Stopped by Thomas McCollum without a rebound.
13:10 of 3rd period - Mark Scheifele wins face-off versus Cedric Paquette in Influenza zone.
13:15 of 3rd period - Slapshot by Mark Fayne.
13:15 of 3rd period - Stopped by Thomas McCollum with a rebound.
13:17 of 3rd period - Slapshot by Dennis Persson.
13:17 of 3rd period - Shot Misses the Net.
13:19 of 3rd period - Slapshot by Mark Fayne.
13:19 of 3rd period - Stopped by Thomas McCollum with a rebound.
13:24 of 3rd period - Off-side.
13:25 of 3rd period - Jarret Stoll wins face-off versus Charlie Coyle in neutral zone.
13:34 of 3rd period - Snap shot by Milan Bartovic.
13:34 of 3rd period - Shot Misses the Net.
13:36 of 3rd period - Minor Penalty to Tim Erixon for Hooking.
13:37 of 3rd period - Mark Olver wins face-off versus Jarret Stoll in Influenza zone.
14:16 of 3rd period - Snap shot by Tim Crowder.
14:16 of 3rd period - Stopped by Thomas McCollum without a rebound.
14:17 of 3rd period - Mark Scheifele wins face-off versus Nathan Davis in Influenza zone.
14:17 of 3rd period - Mark Scheifele is hit by Slater Koekkoek.
14:24 of 3rd period - Icing by Maksim Mayorov.
14:25 of 3rd period - Maksim Mayorov wins face-off versus Mark Olver in Rafales zone.
14:40 of 3rd period - Snap shot by Nathan Davis.
14:40 of 3rd period - Shot Blocked by Joe Morrow.
14:42 of 3rd period - Slapshot by Slater Koekkoek.
14:42 of 3rd period - Shot Misses the Net.
14:44 of 3rd period - Snap shot by Slater Koekkoek.
14:44 of 3rd period - Stopped by Thomas McCollum with a rebound.
15:26 of 3rd period - Slapshot by Maksim Mayorov.
15:26 of 3rd period - Shot Misses the Net.
15:36 of 3rd period - Penalty to Tim Erixon is over, Tim Erixon is back on ice.
15:50 of 3rd period - Wrist shot by Nathan Davis.
15:50 of 3rd period - Shot Blocked by Beau Bennett.
15:52 of 3rd period - Wrist shot by Slater Koekkoek.
15:52 of 3rd period - Deflect By Nathan Davis.
15:52 of 3rd period - Shot Misses the Net.
15:52 of 3rd period - Puck is out of play.
15:53 of 3rd period - Jarret Stoll wins face-off versus Mark Scheifele in Influenza zone.
16:02 of 3rd period - Slapshot by Milan Bartovic.
16:02 of 3rd period - Stopped by Thomas McCollum with a rebound.
16:04 of 3rd period - Wrist shot by Jarret Stoll.
16:04 of 3rd period - Stopped by Thomas McCollum without a rebound.
16:05 of 3rd period - Mark Scheifele wins face-off versus Jarret Stoll in Influenza zone.
16:07 of 3rd period - Minor Penalty to Mark Scheifele for Charging.
16:08 of 3rd period - Jarret Stoll wins face-off versus Lane MacDermid in Influenza zone.
16:10 of 3rd period - Slapshot by Milan Bartovic.
16:10 of 3rd period - Shot Misses the Net.
17:48 of 3rd period - Matt Corrente is hit by Brian Ferlin and loses puck.
18:07 of 3rd period - Penalty to Mark Scheifele is over, Mark Scheifele is back on ice.
18:19 of 3rd period - Snap shot by Jimmy Vesey.
18:19 of 3rd period - Goal by Jimmy Vesey - Influenza : 7 - Rafales : 5.
18:20 of 3rd period - Nathan Davis wins face-off versus Mark Scheifele in neutral zone.
18:22 of 3rd period - Minor Penalty to Carl Klingberg for Interference.
18:23 of 3rd period - Jarret Stoll wins face-off versus Mark Scheifele in Rafales zone.
Goals for this period are 2 for Influenza vs 0 for Rafales.
Shots for this period are 9 for Influenza vs 11 for Rafales.
Back to the Top